 Dungeon Crawl Stone Soup version 0.28-a0-863-g8cecda6153 (webtiles) character file.

Game seed: 6081578227881373795

8592 sanka the Grappler (level 11, -1/85 HPs)
             Began as a Palentonga Transmuter on Nov 19, 2021.
             Was a Follower of Okawaru.
             Succumbed to a queen bee's poison
             ... on level 9 of the Dungeon.
             The game lasted 00:23:44 (13611 turns).

sanka the Grappler (Palentonga Transmuter)         Turns: 13611, Time: 00:23:44

Health: -1/85      AC:  2    Str: 13    XL:     11   Next: 11%
Magic:  12/15      EV: 24    Int: 23    God:    Okawaru [*.....]
Gold:   573        SH:  0    Dex: 16    Spells: 5/16 levels left

rFire   . . .      SeeInvis +     - Unarmed
rCold   . . .      Faith    .   (shield currently unavailable)
rNeg    . . .      Spirit   .   (armour currently unavailable)
rPois   x          Reflect  .   (helmet currently unavailable)
rElec   .          Harm     .   (cloak currently unavailable)
rCorr   .          Rampage  .   (gloves currently unavailable)
Will    .....                   (no barding)
Stlth   +.........              (no amulet)
HPRegen 0.24/turn               y - +6 ring of intelligence
MPRegen 0.14/turn               (no ring)

@: brilliant, lethally poisoned (-1 -> -19), spider-form, wereblooded
A: venomous fangs, tiny, rugged brown scales 3, see invisible, (deformed body),
(roll 1), (armoured tail), (reflexive curl)
a: End Transformation, Renounce Religion, Heroism


You were on level 9 of the Dungeon.
You worshipped Okawaru.
Okawaru was aware of your devotion.
You were a venomous arachnid creature.
You visited 2 branches of the dungeon, and saw 10 of its levels.
You also visited: Ossuary.

You collected 573 gold pieces.


Innate Abilities, Weirdness & Mutations

You are a venomous arachnid creature.
You have poisonous fangs.
You are tiny and dextrous.
Your spellcasting is less reliable in this form.
Your armour is entirely melded.
You are incapable of wielding weapons or throwing items.
(You are completely covered in rugged brown scales. (AC +3, +7% HP))
You have supernaturally acute eyesight. (SInv)
((Armour fits poorly on your strangely shaped body.))
((You can roll at nearby foes to attack.))
((You have a long armoured tail.))
((You curl defensively after being hit. (AC +7*)))


   Skills:
 + Level 5.3 Fighting
 + Level 7.1 Dodging
 * Level 11.7 Unarmed Combat
 + Level 3.3 Spellcasting
 + Level 7.4 Transmutations
 - Level 2.0 Ice Magic
 - Level 2.0 Poison Magic


You had 5 spell levels left.
You knew the following spells:

 Your Spells              Type           Power      Damage    Failure   Level
c - Ice Form              Ice/Tmut       38%        N/A       34%         4
u - Sting                 Tmut/Pois      100%       1d8       7%          1
x - Spider Form           Tmut/Pois      38%        N/A       14%         3
y - Wereblood             Tmut           55%        N/A       4%          2
z - Beastly Appendage     Tmut           100%       N/A       3%          1

Your spell library contained the following spells:

 Spells                   Type           Power      Damage    Failure   Level
 Blink                    Tloc           10%        N/A       36%         2
 Lesser Beckoning         Tloc           5%         N/A       56%         3
 Manifold Assault         Tloc           5%         N/A       99%         5

Inventory:

Hand Weapons
 o - the +7 dagger "Maong" {protect, rElec rPois rF-}

   It grants its wielder temporary protection when it strikes (+7 to AC).
   rF:        It makes you vulnerable to fire.
   rElec:     It insulates you from electricity.
   rPois:     It protects you from poison.
Armour
 a - a +0 robe (melded)
 w - a +1 cloak (melded)
 z - the +6 chain mail of Libliys {rC+ Will+ Int-3}

   Int:       It affects your intelligence (-3).
   rC:        It protects you from cold.
   Will:      It increases your willpower.
Jewellery
 y - a +6 ring of intelligence (left front leg)
 E - a ring of ice
Wands
 C - a wand of paralysis (11)
Scrolls
 b - 3 scrolls of magic mapping
 c - 2 scrolls of summoning
 e - 2 scrolls of enchant weapon
 f - 9 scrolls of teleportation {@r4}
 i - a scroll of noise {unknown}
 j - a scroll of fog {unknown}
 p - a scroll of brand weapon {unknown}
 s - 2 scrolls of fear {unknown}
 t - a scroll of vulnerability {unknown}
 x - a scroll of identify {@r1}
 A - a scroll of enchant armour {unknown}
 B - a scroll of holy word {unknown}
 D - a scroll of amnesia {unknown}
 F - 2 scrolls of blinking {unknown}
Potions
 d - 4 potions of haste {unknown}
 g - 4 potions of brilliance
 h - 3 potions of heal wounds {unknown}
 k - a potion of flight {unknown}
 l - a potion of degeneration {unknown}
 m - 4 potions of attraction {unknown}
 n - a potion of magic {unknown}
 q - 2 potions of might {unknown}
 r - 2 potions of resistance {unknown}
 u - a potion of mutation {unknown}
 v - a potion of lignification {unknown}

Dungeon Overview and Level Annotations

Branches:
Dungeon (9/15)             Temple (1/1) D:7            Lair (0/6) D:9
Ossuary (visited)
    Orc: D:9-12

Altars:
Cheibriados
Dithmenos
Elyvilon
Fedhas
Gozag
Hepliaklqana
Kikubaaqudgha
Makhleb
Nemelex Xobeh
Okawaru
Qazlal
Ru
Sif Muna
Trog
Uskayaw
Vehumet
Wu Jian
Xom
Yredelemnul
Zin
The Shining One

Shops:
D:9 [[

Annotations:
D:8 3 runed translucent doors, Sassenached's ghost, novice HuWn

▒.........▒▒▒▒▒▒'▒▒▒.
▒..........▒.......▒▒
▒..................▒▒
▒.........▒........▒
▒.........▒▒.......▒
▒.........▒▒▒▒▒▒'▒▒▒
▒.........▒ ▒..▒
▒)........▒ ▒▒.▒▒
▒▒▒▒s▒▒▒▒▒▒ ▒>.▒ ▒y▒
▒▒.▒ ▒y▒ ▒▒▒▒'▒▒ ▒y▒
▒.....▒ ▒y▒ ▒.....▒
▒▒.▒ ▒.....▒ ▒▒..▒
▒.<...' ▒▒..▒▒
▒.....▒ ▒..▒▒ ▒.....▒


You could see 4 killer bees.


Message History

You maul the queen bee!!
The queen bee is poisoned.
The queen bee is heavily wounded.
The queen bee stings you!
* * * LOW HITPOINT WARNING * * *
You are lethally poisoned!
The queen bee poisons you!
You barely miss the queen bee.
The queen bee is heavily wounded.
* * * LOW HITPOINT WARNING * * *
You feel very sick. The queen bee closely misses you.
Unknown command.
You maul the queen bee!!
You kill the queen bee!
Okawaru accepts your kill.
You can now gain great but temporary skills.
* * * LOW HITPOINT WARNING * * *
You feel very sick. The killer bee completely misses you.
Unknown command.
You bite the killer bee!
The killer bee is heavily wounded.
* * * LOW HITPOINT WARNING * * *
You feel very sick. The killer bee completely misses you.
Unknown command.
It was a potion of brilliance.
You feel clever all of a sudden.
You die...

Action                   |  1- 3 |  4- 6 |  7- 9 | 10-12 || total
-------------------------+-------+-------+-------+-------++-------
Melee: Unarmed           |    60 |   170 |   352 |   249 ||   831
       Headbutt          |     9 |     5 |       |       ||    14
       Kick              |    12 |    10 |       |       ||    22
       Tailslap          |     5 |     8 |       |     4 ||    17
       Punch             |       |       |     2 |     1 ||     3
 Cast: Beastly Appendage |    15 |    18 |       |       ||    33
       Spider Form       |       |    13 |    51 |    27 ||    91
       Wereblood         |       |     2 |     8 |    11 ||    21
 Abil: Rolling Charge    |       |       |     1 |       ||     1
  Use: Scroll            |       |       |     4 |       ||     4
       Potion            |       |       |     2 |     1 ||     3
 Stab: Sleeping          |     1 |       |       |       ||     1
Armor: Robe              |    44 |    28 |    14 |     6 ||    92
       Skin              |       |     5 |    16 |     1 ||    22
Dodge: Dodged            |    27 |    94 |   269 |   233 ||   623

Levels and vault maps discovered:
D:1:      nzn_arrival_depleted_hourglass, layout_rooms,
          chequers_serial_rivers_room_b
D:2:      wad_pebble_path, layout_basic
D:3:      layout_basic, chequers_temple_overflow_statue_of_worship,
          shapermc_ecumenical_altar_rom_forum, st_stairs_3,
          nrook_mini_backslash, uniq_sigmund, uniq_grinder
D:4:      layout_loops_corners, xom_teletrap_fun, enter_ossuary_2
D:5:      nicolae_cairo_tiling_large_dashed, layout_cave_pools, zin_statuary
D:6:      layout_cave_pools, mainiacjoe_overflow_divided_tiny,
          serial_column_ruins, column_ruins_hut, column_ruins_open_small,
          column_ruins_corridor_corner, column_ruins_grid_3, column_ruins_grid_2
D:7:      kennysheep_housing_project, layout_loops_ring, lemuel_tele_altar,
          temple_hall, uniq_duvessa, uniq_joseph
D:8:      layout_layer_cave, gammafunk_ghost_split
D:9:      layout_roguey [special_room_bee], david_lair_generic, serial_shops,
          shop_fountains, nicolae_square_shop, shop, nicolae_lakefront_shop
Temple:   hc_temple_tempest_star

Notes
Turn   | Place    | Note
-------+----------+-------------------------------------------
     0 | D:1      | sanka the Palentonga Transmuter began the quest for the
                  | Orb.
     0 | D:1      | Reached XP level 1. HP: 16/16 MP: 3/3
   192 | D:1      | Reached XP level 2. HP: 17/22 MP: 3/5
   751 | D:2      | Learned a level 2 spell: Wereblood
   763 | D:2      | Reached XP level 3. HP: 22/28 MP: 4/6
   859 | D:2      | Reached skill level 2 in Fighting
   919 | D:1      | Learned a level 3 spell: Spider Form
   941 | D:2      | Reached skill level 3 in Transmutations
   941 | D:2      | Reached XP level 4. HP: 31/35 MP: 5/7
  1605 | D:2      | Reached skill level 4 in Transmutations
  2007 | D:3      | Reached XP level 5. HP: 34/40 MP: 8/8
  2049 | D:3      | Found an opulent altar of Gozag.
  2050 | D:3      | Found a basalt altar of Yredelemnul.
  2050 | D:3      | Found an ancient bone altar of Kikubaaqudgha.
  2050 | D:3      | Noticed Grinder
  2088 | D:2      | Killed Grinder
  2089 | D:2      | Reached skill level 5 in Transmutations
  2089 | D:2      | Reached skill level 2 in Poison Magic
  2089 | D:2      | Reached XP level 6. HP: 22/47 MP: 6/9
  2307 | D:3      | Found a faded altar of an unknown god.
  2434 | D:3      | Got Plato's Grimoire of Venom
  2625 | D:3      | Reached skill level 6 in Transmutations
  2830 | D:3      | Found a sacrificial altar of Ru.
  3349 | D:3      | Noticed Sigmund
  3371 | D:3      | HP: 2/49 [Sigmund (12)]
  3375 | D:3      | Killed Sigmund
  3376 | D:3      | Reached skill level 3 in Fighting
  3376 | D:3      | Reached skill level 4 in Unarmed Combat
  3376 | D:3      | Gained mutation: You curl defensively after being hit. (AC
                  | +7*) [Palentonga growth]
  3376 | D:3      | Reached XP level 7. HP: 3/55 MP: 7/10
  3376 | D:3      | HP: 2/55 [jackal (1)]
  4005 | D:4      | Reached skill level 5 in Unarmed Combat
  4142 | D:4      | Found a sand-covered staircase.
  4284 | Ossuary  | Entered an ossuary
  4559 | Ossuary  | Reached skill level 6 in Unarmed Combat
  4853 | D:4      | Reached skill level 2 in Dodging
  4956 | D:4      | Identified the +7 dagger "Maong" {protect, rElec rPois rF-}
  5311 | D:4      | Found a shimmering altar of Xom.
  5566 | D:5      | Entered Level 5 of the Dungeon
  5579 | D:5      | Reached skill level 3 in Dodging
  5579 | D:5      | Reached XP level 8. HP: 62/62 MP: 7/11
  5802 | D:5      | Reached skill level 4 in Dodging
  6324 | D:5      | Reached skill level 5 in Dodging
  6776 | D:5      | Reached skill level 6 in Dodging
  6938 | D:5      | Found a glowing silver altar of Zin.
  7176 | D:6      | Found a snail-covered altar of Cheibriados.
  7177 | D:6      | Found a glowing golden altar of the Shining One.
  7236 | D:6      | Reached skill level 7 in Unarmed Combat
  7328 | D:6      | Reached XP level 9. HP: 62/67 MP: 8/12
  7781 | D:6      | Reached skill level 8 in Unarmed Combat
  8224 | D:7      | Noticed Dowan
  8243 | D:7      | Noticed Duvessa
  8269 | D:6      | Killed Duvessa
  8272 | D:6      | Killed Dowan
  8686 | D:7      | Reached skill level 9 in Unarmed Combat
  8920 | D:7      | Reached skill level 10 in Unarmed Combat
  9486 | D:7      | Reached XP level 10. HP: 72/74 MP: 9/13
  9769 | D:7      | Found a white marble altar of Elyvilon.
  9934 | D:7      | Noticed Joseph
  9957 | D:7      | Killed Joseph
 10157 | D:7      | Reached skill level 4 in Fighting
 10302 | D:7      | Identified the +6 chain mail of Libliys {rC+ Will+ Int-3}
 10705 | D:7      | Learned a level 1 spell: Sting
 10710 | D:7      | Learned a level 4 spell: Ice Form
 10817 | D:7      | Found a staircase to the Ecumenical Temple.
 11065 | D:8      | Reached skill level 11 in Unarmed Combat
 11179 | D:8      | Found a runed translucent gate.
 11182 | D:8      | Found a runed translucent gate.
 11182 | D:8      | Found a runed translucent gate.
 11183 | D:8      | Noticed Sassenached's ghost (novice HuWn)
 11357 | D:8      | Reached skill level 1 in Ice Magic
 11359 | D:8      | Reached skill level 7 in Transmutations
 11668 | D:8      | Reached skill level 5 in Fighting
 12340 | D:9      | Found Napuhi's Armour Boutique.
 12386 | Temple   | Entered the Ecumenical Temple
 12677 | Temple   | Became a worshipper of Warmaster Okawaru
 12746 | D:9      | Found Xiallayf's Antique Armour Shoppe.
 12893 | D:9      | Noticed a death yak
 12893 | D:9      | Noticed an elephant
 12921 | D:9      | Killed an elephant
 12922 | D:9      | Reached skill level 3 in Spellcasting
 13012 | D:9      | Killed a death yak
 13013 | D:9      | Reached skill level 7 in Dodging
 13013 | D:9      | Reached skill level 2 in Ice Magic
 13013 | D:9      | Reached XP level 11. HP: 54/85 MP: 13/15
 13194 | D:9      | Found a staircase to the Lair.
 13609 | D:9      | Reached * piety under Okawaru
 13609 | D:9      | HP: 8/85 [poisoned by a queen bee]
 13610 | D:9      | HP: 3/85 [poisoned by a queen bee]
 13611 | D:9      | Succumbed to a queen bee's poison

Vanquished Creatures
  A death yak (D:9)
  An elephant (D:9)
  Joseph (D:7)
  A queen bee (D:9)
  Grinder (D:2)
  Sigmund (D:3)
  13 yaks
  A steam dragon (D:8)
  Duvessa (D:6)
  2 water moccasins
  An orc warrior (D:7)
  2 ice beasts
  2 black bears (D:9)
  2 sky beasts (D:7)
  7 ogres
  3 necrophages
  4 centaurs
  2 phantoms
  3 gnoll sergeants
  3 bullfrogs
  A wyvern zombie (D:5)
  3 scorpions
  Dowan (D:6)
  9 killer bees
  3 wights (D:8)
  3 howler monkeys
  7 hounds
  4 orc priests
  2 centaur zombies (Ossuary)
  3 jellies
  A bullfrog skeleton (D:5)
  A gnoll shaman (D:7)
  A centaur skeleton (D:2)
  4 iguanas
  5 orc wizards
  2 killer bee zombies
  5 mummies (Ossuary)
  A hound skeleton (D:3)
  20 gnolls
  6 adders
  A howler monkey skeleton (D:6)
  A shadow imp (D:8)
  A white imp (D:6)
  4 worms
  A dart slug (D:2)
  9 orcs
  3 ball pythons
  6 bats
  9 endoplasms
  6 giant cockroaches
  4 goblins
  15 hobgoblins
  5 jackals
  2 quokkas
  5 frilled lizards
  4 hobgoblin zombies (Ossuary)
  10 kobolds
  3 rats
223 creatures vanquished.

Vanquished Creatures (others)
  38 plants (D:7)
38 creatures vanquished.

Grand Total: 261 creatures vanquished
